 Dungeon Crawl Stone Soup version 0.26-a0-259-g1effd001a9 (webtiles) character file.

Game seed: 2812626718854835452

254717 pulvazza the Carver (level 19, -10/149 HPs)
             Began as a Demonspawn Abyssal Knight on July 20, 2020.
             Was the Champion of Lugonu.
             Shot with a bolt by a yaktaur (17 damage)
             ... led by a yaktaur captain
             ... on level 1 of the Vaults.
             The game lasted 01:26:03 (40227 turns).

pulvazza the Carver (Demonspawn Abyssal Knight)    Turns: 40227, Time: 01:26:04

Health: -10/149    AC: 24    Str: 17    XL:     19   Next: 3%
Magic:  0/28       EV: 15    Int: 22    God:    Lugonu [******]
Gold:   3969       SH:  7    Dex: 17    Spells: 7/30 levels left

rFire    + . .     SeeInvis .   a - +9 demon blade (elec)
rCold    + + .     Faith    .   Z - +2 buckler {reflect}
rNeg     . . .     Spirit   +   O - +1 ice dragon scales of Gallantry {rF- rC++ Str+4}
rPois    +         Reflect  +   U - +2 hat
rElec    .         Harm     .   t - +2 cloak "Nyjoijank" {rPois Dex+5}
rCorr    .                      X - +1 pair of gloves {archery}
MR       +....                  (boots unavailable)
Stlth    ..........             (no amulet)
HPRegen  0.74/turn              R - ring of protection from fire
MPRegen  0.42/turn              v - ring of wizardry

@: about to teleport, marked, slowed, studying Transmutations, very slow
A: talons 3, rugged brown scales 3, clever 1, clumsy 1, fire resistance 1,
regeneration 1, spiny 2, evolution 1, magic shield, magic regeneration
}: 2/15 runes: serpentine, barnacled
a: Depart the Abyss, Bend Space, Banish, Corrupt, Enter the Abyss, Brand Weapon
With Distortion, Renounce Religion


You were on level 1 of the Vaults.
You worshipped Lugonu.
Lugonu was exalted by your worship.
You were not hungry.

You visited 7 branches of the dungeon, and saw 33 of its levels.
You visited the Abyss 1 time.
You also visited: Sewer, Gauntlet and Ice Cave.

You collected 5567 gold pieces.
You spent 1598 gold pieces at shops.

Inventory:

Hand Weapons
 a - a +9 demon blade of electrocution (weapon)
Missiles
 l - 17 silver javelins
 H - 6 silver boomerangs
 L - 55 javelins
 M - 6 boomerangs of dispersal
 Y - 74 boomerangs (quivered)
Armour
 e - +3 storm dragon scales {Bai Suzhen}
 t - the +2 cloak "Nyjoijank" (worn) {rPois Dex+5}
   (You bought it in a shop on level 10 of the Dungeon)

   It affects your dexterity (+5).
   It protects you from poison.
 O - the +1 ice dragon scales of Gallantry (worn) {rF- rC++ Str+4}
   (You found it in an ice cave)

   It affects your strength (+4).
   It makes you vulnerable to fire.
   It greatly protects you from cold.
 U - a +2 hat (worn)
 X - a +1 pair of gloves of archery (worn)
 Z - a +2 buckler of reflection (worn)
Jewellery
 k - the amulet "Linonopn" {rElec Regen+}
   (You acquired it on level 12 of the Dungeon)

   [amulet of regeneration]

   It insulates you from electricity.
   It increases your rate of regeneration.
 m - a +6 ring of strength
 p - an uncursed ring of see invisible
 q - an uncursed ring of protection from cold
 u - a +6 ring of intelligence
 v - a ring of wizardry (right hand)
 G - an uncursed ring of wizardry
 J - an uncursed ring of protection from magic
 Q - an uncursed ring of ice
 R - a ring of protection from fire (left hand)
 S - an uncursed ring of resist corrosion
 W - the amulet "Qifrehoc" {Regen+ Str+2 Dex-2 Stlth+}
   (You found it in a Gauntlet)

   [amulet of regeneration]

   It affects your strength (+2).
   It affects your dexterity (-2).
   It increases your rate of regeneration.
   It makes you more stealthy.
Wands
 T - a wand of flame (29)
Scrolls
 b - a scroll of summoning
 f - 4 scrolls of enchant weapon
 g - 6 scrolls of teleportation
 h - 3 scrolls of fear
 j - 5 scrolls of amnesia
 r - 6 scrolls of identify
 s - 6 scrolls of remove curse
 y - 2 scrolls of blinking
 A - 6 scrolls of enchant armour
 D - 3 scrolls of magic mapping
Potions
 d - a potion of resistance
 i - 6 potions of flight
 n - 9 potions of mutation
 o - 3 potions of brilliance
 w - 2 potions of heal wounds
 x - 3 potions of haste
 z - 2 potions of ambrosia
 B - 4 potions of curing
 C - 3 potions of cancellation
 E - 3 potions of invisibility
 F - 5 potions of might
 I - 5 potions of stabbing
 K - 3 potions of magic
 N - a potion of berserk rage
Books
 P - a manual of Transmutations
Comestibles
 c - 68 rations


   Skills:
 - Level 10.2 Fighting
   Level 4.2(10.0) Short Blades
 - Level 13.7(14.0) Long Blades
 - Level 12.0 Throwing
 - Level 9.2 Armour
 - Level 9.0 Dodging
 - Level 4.0 Shields
 - Level 6.0 Spellcasting
 * Level 9.8 Conjurations
 - Level 6.0 Charms
 - Level 6.0 Translocations
 + Level 9.2 Transmutations
 * Level 9.3 Ice Magic
 * Level 9.2 Air Magic
 * Level 9.3 Earth Magic
 - Level 6.0 Poison Magic
 - Level 10.1 Invocations


You had 7 spell levels left.
You knew the following spells:

 Your Spells              Type           Power        Failure   Level
a - Shroud of Golubria    Chrm/Tloc      ####..       1%          2
b - Blink                 Tloc           N/A          1%          2
d - Mephitic Cloud        Conj/Pois/Air  #####...     1%          3
e - Freezing Cloud        Conj/Ice/Air   #####.....   36%         6
s - Song of Slaying       Chrm           ####....     1%          2
t - Statue Form           Tmut/Erth      #####....    38%         6
w - Swiftness             Chrm/Air       #####...     1%          2

Your spell library contained the following spells:

 Spells                   Type           Power        Failure   Level
 Infusion                 Chrm           ####         1%          1
 Magic Dart               Conj           ####         1%          1
 Shock                    Conj/Air       ####         1%          1
 Poisonous Vapours        Pois/Air       #####.       1%          2
 Searing Ray              Conj           #####.       1%          2
 Ozocubu's Armour         Chrm/Ice       #####...     1%          3
 Static Discharge         Conj/Air       #####...     1%          3
 Airstrike                Air            #####.....   2%          4
 Ice Form                 Ice/Tmut       #####...     2%          4
 Gell's Gravitas          Tloc           ####......   3%          3
 Lesser Beckoning         Tloc           ####......   3%          3
 Teleport Other           Tloc           ####....     3%          3
 Conjure Flame            Conj/Fire      ####....     4%          3
 Dazzling Flash           Conj/Hex       ####..       4%          3
 Iskenderun's Mystic Bla  Conj/Tloc      #####...     4%          4
 Irradiate                Conj/Tmut      #####.....   7%          5
 Lightning Bolt           Conj/Air       #####.....   7%          5
 Recall                   Summ/Tloc      N/A          11%         3
 Spectral Weapon          Hex/Chrm       ###.....     11%         3
 Passage of Golubria      Tloc           N/A          11%         4
 Fulminant Prism          Conj/Hex       ####......   16%         4
 Hydra Form               Tmut           #####.....   38%         6
 Ozocubu's Refrigeration  Ice            #####.....   38%         6
 Metabolic Englaciation   Hex/Ice        ####......   43%         5
 Silence                  Hex/Air        ####......   45%         5
 Yara's Violent Unravell  Hex/Tmut       ####......   45%         5
 Summon Forest            Summ/Tloc      ###.......   65%         5
 Cause Fear               Hex            #.........   73%         4
 Orb of Destruction       Conj           #####.....   86%         7
 Dragon Form              Tmut           #####.....   91%         7
 Simulacrum               Ice/Necr       ####......   93%         6
 Aura of Abjuration       Summ           #.........   96%         5
 Summon Demon             Summ           #.........   96%         5
 Summon Mana Viper        Hex/Summ       #.......     96%         5
 Shadow Creatures         Summ           N/A          100%        6
 Ring of Flames           Chrm/Fire      ###.......   100%        7
 Spellforged Servitor     Conj/Summ      ####......   100%        7
 Discord                  Hex            #.........   100%        8


Dungeon Overview and Level Annotations

Branches:
Dungeon (15/15)            Temple (0/1) D:6            Lair (6/6) D:11
 Shoals (4/4) Lair:2        Snake (4/4) Lair:2        Slime (0/5) Lair:6
    Orc (2/2) D:12            Elf (0/3) Orc:2        Vaults (1/5) D:13
 Depths (1/5) D:15          Sewer (visited)           IceCv (visited)
Gauntlet (visited)

Altars:
Ashenzari
Dithmenos
Elyvilon
Fedhas
Gozag
Hepliaklqana
Kikubaaqudgha
Nemelex Xobeh
Okawaru
Qazlal
Wu Jian
Zin
Beogh

Shops:
D:6 ??   D:10 [   D:11 (   D:12 (   Orc:1 *   Orc:2 *!}?!   Shoals:4 :
Snake:2 (

Portals:
Abyss: D:12

Annotations:
D:6 2 runed translucent doors, Apogee's ghost, novice TrMo
Lair:1 1 runed translucent door, Pejisic's ghost, novice DDFi
Shoals:2 3 runed translucent doors, exclusion: obsidian statue, Imazafih's ghost, adept GrEE


Innate Abilities, Weirdness & Mutations

You have claws for feet.
You are completely covered in rugged brown scales. (AC +3, +7% HP)
You are mostly covered in sharp spines.
When hurt, damage is shared between your health and your magic reserves.
You regenerate magic rapidly.
Your mind is acute. (Int +2)
You are clumsy. (Dex -2)
Your flesh is heat resistant. (rF+)
Your natural rate of healing is unusually fast.
You evolve.


Message History

The ogre mage mumbles some strange words.
The ogre mage flickers and vanishes!
Deactivating autopickup; reactivate with Ctrl-A.
A brown ugly thing comes into view.
The vault guard is struck by your spines.
The vault guard hits you but does no damage.
As you read the scroll of fear, it crumbles to dust.
You assume a fearsome visage.
The vault warden looks frightened!
The vault guard looks frightened!
The ironbrand convoker looks frightened! x2
The yaktaur captain looks frightened!
The yaktaur looks frightened!
The yaktaur resists with some effort.
The yaktaur easily resists.
The yaktaur looks frightened!
The ogre looks frightened!
The two-headed ogre looks frightened!
The ironheart preserver looks frightened!
The yaktaur starts to cry.
The yaktaur is struck by your spines. The yaktaur misses you.
The yaktaur wields a +0 arbalest.
The yaktaur shoots a bolt.
The bolt hits you!!
You die...

### #. # #.# #.#.#
.#.# ..#
#########'######
.....c.(cc......
.....c.@.pp.p...
########(..#####
.###..#.p.#....
.'['..)(p.#...#...
.#'#'##.!.#.u....
# .' #(..#.#... .'
'.#
#..O#.......### #
#{..'...#.. #.#
#...#.... #.###


You could see an ironheart preserver (fleeing), a vault warden (strong,
sheltered, fleeing), a yaktaur captain (sheltered, fleeing), a vault guard
(sheltered, fleeing), a brown ugly thing, 2 ironbrand convokers, 3 yaktaurs and
an ogre (fleeing).

Vanquished Creatures
  Vashnia (Snake:4)
  Bai Suzhen (Snake:4)
  Nikola (Snake:4)
  Jorgrun (D:15)
  Frances (D:13)
  A kraken (Shoals:2)
  11 nagarajas
  A storm dragon (Depths:1)
  Kirke (D:13)
  Donald (Orc:1)
  2 frost giants
  Aizul (Snake:3)
  Azrael (D:15)
  A stone giant (Orc:2)
  6 dire elephants
  A minotaur (Gauntlet)
  A fire dragon (Depths:1)
  3 merfolk javelineers
  Snorg (D:14)
  Josephine (Lair:4)
  A green death (Gauntlet)
  2 yaktaur captains
  13 merfolk impalers
  Fannar (Orc:1)
  An ogre mage (D:15)
  5 vault guards (D:13)
  4 hydras
  A catoblepas (D:15)
  2 alligator snapping turtles
  5 centaur warriors
  8 naga warriors
  4 merfolk avatars
  11 anacondas
  The ghost of Oghaenk the Cleaver, a journeyman GrBe of Trog (D:12)
  10 two-headed ogres
  2 satyrs
  A hell hog (D:12)
  4 merfolk aquamancers
  A vampire mage (Depths:1)
  6 orc high priests
  A deep troll shaman (Vaults:1)
  A tengu warrior (D:15)
  7 shock serpents
  13 naga sharpshooters
  A deep elf knight (Vaults:1)
  2 fire crabs (Lair:2)
  A shadow wraith (Vaults:1)
  Sonja (Orc:2)
  2 salamander mystics (Snake:3)
  A fire crab (shapeshifter) (D:14)
  A skeletal warrior (D:12)
  8 sea snakes
  A glowing orange brain (D:12)
  An ironbrand convoker (Vaults:1)
  3 unseen horrors
  8 naga ritualists
  A deep troll (Vaults:1)
  A wolf spider zombie (D:15)
  Pikel (D:5)
  8 harpies (Shoals:4)
  3 wizards
  A deep elf mage (D:15)
  A wolf spider (D:15)
  7 mana vipers
  6 orc knights
  5 orc sorcerers
  14 manticores
  12 fauns
  5 cyclopes
  15 ugly things
  11 salamanders
  A guardian serpent (shapeshifter) (D:13)
  13 merfolk sirens
  A guardian serpent (Snake:3)
  4 water nymphs (Shoals:4)
  23 black mambas
  2 orange demons (Gauntlet)
  2 ice statues (IceCv)
  28 naga magi
  Joseph (D:8)
  3 vault sentinels (Vaults:1)
  17 elephants
  7 cane toads
  A kobold demonologist (D:12)
  4 rime drakes (Lair:4)
  5 komodo dragons
  A redback zombie (D:12)
  An efreet (D:14)
  A tengu conjurer (D:15)
  9 yaktaurs
  4 wind drakes
  23 merfolk
  4 trolls
  2 polar bears (Lair:6)
  14 blink frogs
  2 tyrant leeches (D:10)
  18 hippogriffs
  A raiju (shapeshifter) (D:14)
  13 dream sheep
  6 snapping turtles
  A dream sheep (shapeshifter) (D:13)
  5 slime creatures (D:15)
  3 vampires
  A ynoxinul (D:12)
  A centaur simulacrum (D:14)
  A large abomination (D:12)
  3 fire elementals
  43 yaks
  20 water elementals
  11 wyverns
  6 wraiths
  3 hogs (D:13)
  2 fire bats (Lair:2)
  7 humans (D:13)
  6 basilisks
  5 vampire mosquitoes
  7 wargs
  37 nagas
  3 acid dragons
  10 water moccasins
  A soldier ant (D:11)
  6 porcupines
  7 hell hounds
  30 orc warriors
  Duvessa (D:5)
  9 ice beasts
  A phantom (D:2)
  3 eyes of draining
  6 sky beasts
  15 centaurs
  21 ogres
  A hornet zombie (D:11)
  4 black bears
  4 wolves (Lair:6)
  A lemure (D:4)
  5 crocodiles
  3 big kobolds
  14 bullfrogs
  Blork the orc (D:5)
  A gnoll sergeant (D:7)
  Dowan (D:5)
  7 scorpions
  3 killer bees (D:8)
  6 wights
  4 howler monkeys
  A centaur zombie (D:10)
  2 lava snakes (D:14)
  5 bullfrog skeletons
  3 jellies
  18 orc priests
  A bullfrog zombie (D:13)
  8 hounds
  5 centaur skeletons
  23 orc wizards
  3 iguanas
  9 worker ants
  6 hell rats
  7 gnolls
  17 river rats
  11 adders
  A white imp (D:5)
  An ufetubus (D:8)
  An adder skeleton (D:9)
  4 worms
  2 dart slugs
  9 leopard geckos
  97 orcs
  4 giant cockroaches
  6 goblins
  6 hobgoblins
  10 jackals
  22 kobolds
  6 quokkas
  A ball python (D:3)
  11 bats
  4 frilled lizards
  A leopard gecko skeleton (D:7)
  A quokka skeleton (D:4)
  18 rats
  A fire vortex (D:14)
  A plant (Lair:6)
  4 tentacles (Shoals:2)
1135 creatures vanquished.

Vanquished Creatures (others)
  A naga warrior (Snake:4)
  A naga sharpshooter (Snake:4)
  4 oklob plants (Lair:6)
  2 black mambas (Snake:4)
  2 vampires (D:10)
  3 humans (D:13)
  A vampire mosquito (D:13)
  A naga (Snake:3)
  2 electric eels (Lair:6)
  An orc wizard (Orc:2)
  12 fungi
  7 plants
  9 tentacles (Shoals:2)
46 creatures vanquished.

Grand Total: 1181 creatures vanquished

Notes
Turn   | Place    | Note
-------+----------+-------------------------------------------
     0 | Abyss:1  | pulvazza the Demonspawn Abyssal Knight began the quest for
                  | the Orb.
     0 | Abyss:1  | Reached XP level 1. HP: 18/18 MP: 2/2
   102 | Abyss:1  | Noticed a large abomination
   111 | Abyss:1  | Noticed a sky beast
   174 | Abyss:2  | Noticed an ancient zyme
   175 | D:1      | Escaped the Abyss
   249 | D:1      | Reached skill level 2 in Long Blades
   324 | D:1      | Gained mutation: You have sharp toenails. [demonic
                  | ancestry]
   324 | D:1      | Reached XP level 2. HP: 24/24 MP: 3/3
   331 | D:1      | Reached * piety under Lugonu
   490 | D:1      | Found a shattered altar of Ashenzari.
   552 | D:1      | Reached skill level 3 in Long Blades
   741 | D:1      | Gained mutation: You are partially covered in sharp spines.
                  | [demonic ancestry]
   741 | D:1      | Reached XP level 3. HP: 29/29 MP: 4/4
  1380 | D:2      | Reached skill level 4 in Long Blades
  1380 | D:2      | Reached XP level 4. HP: 18/35 MP: 5/5
  1819 | D:2      | Noticed a phantom
  1863 | D:2      | Killed a phantom
  1863 | D:2      | Reached skill level 5 in Long Blades
  1863 | D:2      | Gained mutation: When hurt, damage is shared between your
                  | health and your magic reserves. [demonic ancestry]
  1863 | D:2      | Reached XP level 5. HP: 30/41 MP: 6/6
  2006 | D:3      | Found a glowing drain.
  2008 | D:3      | Reached ** piety under Lugonu
  2020 | Sewer    | Entered a sewer
  2201 | Sewer    | Reached skill level 6 in Long Blades
  2201 | Sewer    | Reached XP level 6. HP: 42/47 MP: 5/7
  2256 | Sewer    | Found a glowing silver altar of Zin.
  2722 | D:3      | Found a faded altar of an unknown god.
  2871 | D:3      | Found a glowing silver altar of Zin.
  2964 | D:3      | Reached *** piety under Lugonu
  3187 | D:4      | Reached skill level 7 in Long Blades
  3187 | D:4      | Reached XP level 7. HP: 52/52 MP: 8/8
  3233 | D:4      | Found an iron altar of Okawaru.
  3669 | D:4      | Reached skill level 8 in Long Blades
  3865 | D:5      | Entered Level 5 of the Dungeon
  3875 | D:5      | Noticed Pikel
  4186 | D:5      | Gained mutation: You are mostly covered in sharp spines.
                  | [demonic ancestry]
  4186 | D:5      | Reached XP level 8. HP: 36/58 MP: 4/9
  4206 | D:5      | Killed Pikel
  4206 | D:5      | Reached skill level 9 in Long Blades
  4502 | D:5      | Reached skill level 10 in Long Blades
  5038 | D:5      | Noticed Duvessa
  5038 | D:5      | Noticed Dowan
  5049 | D:5      | Killed Duvessa
  5054 | D:5      | Killed Dowan
  5068 | D:5      | Noticed Blork the orc
  5078 | D:5      | Killed Blork the orc
  5404 | D:6      | Reached XP level 9. HP: 63/63 MP: 12/12
  5427 | D:6      | Reached skill level 5 in Invocations
  5477 | D:6      | Found Adwoapsi's Magic Scroll Emporium.
  5572 | D:6      | Noticed Apogee's ghost (novice TrMo)
  5573 | D:6      | Found a large runed translucent door.
  5573 | D:6      | Found a large runed translucent door.
  5595 | D:6      | Found Jagreqiase's Magic Scroll Emporium.
  5811 | D:6      | Found a staircase to the Ecumenical Temple.
  5877 | D:6      | Found a hazy altar of Hepliaklqana.
  5877 | D:6      | Found a sparkling altar of Nemelex Xobeh.
  5877 | D:6      | Found a white marble altar of Elyvilon.
  6392 | D:7      | Reached **** piety under Lugonu
  7304 | D:7      | Paralysed by a gnoll sergeant for 5 turns
  8111 | D:8      | Noticed Joseph
  8128 | D:7      | Reached skill level 10 in Invocations
  8663 | D:6      | Found an ornate altar of the Wu Jian Council.
  8968 | D:8      | Killed Joseph
  8968 | D:8      | Reached skill level 1 in Dodging
  9438 | D:8      | Reached XP level 10. HP: 37/71 MP: 10/17
  9821 | D:8      | Found an opulent altar of Gozag.
 10533 | D:9      | Reached skill level 5 in Fighting
 10841 | D:9      | Found a shadowy altar of Dithmenos.
 10934 | D:9      | Found a stormy altar of Qazlal.
 11170 | D:10     | Entered Level 10 of the Dungeon
 11216 | D:10     | Reached ***** piety under Lugonu
 11594 | D:10     | Found Baaschysm's Armour Emporium.
 11597 | D:10     | Bought the +2 cloak "Nyjoijank" {rPois Dex+5} for 470 gold
                  | pieces
 11894 | D:10     | Noticed a two-headed ogre
 11935 | D:10     | Killed a two-headed ogre
 12059 | D:10     | Reached skill level 5 in Armour
 12187 | D:10     | Found the +12 Vampire's Tooth {vamp}
 12188 | D:10     | Reached skill level 5 in Dodging
 12457 | D:11     | Gained mutation: You are partially covered in rugged brown
                  | scales. (AC +1, +3% HP) [demonic ancestry]
 12457 | D:11     | Reached XP level 11. HP: 77/85 MP: 16/18
 12556 | D:11     | Found Esabrutt's Antique Weapon Shop.
 12610 | D:11     | Noticed a two-headed ogre
 12619 | D:11     | Killed a two-headed ogre
 12714 | D:11     | Learned a level 2 spell: Shroud of Golubria
 12717 | D:11     | Learned a level 2 spell: Song of Slaying
 12764 | D:11     | Reached skill level 1 in Spellcasting
 12764 | D:11     | Reached skill level 1 in Charms
 12764 | D:11     | Reached skill level 1 in Translocations
 12912 | D:11     | Found a staircase to the Lair.
 13010 | D:11     | Found a portal to a secret trove of treasure.
 13257 | Lair:1   | Entered Level 1 of the Lair of Beasts
 13287 | Lair:1   | You fall into a shaft and drop 1 floor!
 13662 | Lair:1   | Found a runed translucent door.
 13662 | Lair:1   | Noticed Pejisic's ghost (novice DDFi)
 14941 | Lair:2   | Noticed a fire crab
 14942 | Lair:2   | Found a transporter.
 14942 | Lair:2   | Noticed a fire crab
 15208 | Lair:2   | Found a staircase to the Shoals.
 15214 | Lair:2   | Gained mutation: You have razor-sharp toenails. [demonic
                  | ancestry]
 15214 | Lair:2   | Reached XP level 12. HP: 93/93 MP: 19/19
 15232 | Lair:2   | Reached skill level 5 in Spellcasting
 15234 | Lair:2   | Reached skill level 5 in Charms
 15234 | Lair:2   | Reached skill level 5 in Translocations
 15258 | Lair:2   | Found a staircase to the Snake Pit.
 15654 | Lair:2   | Found a transporter.
 16244 | Lair:3   | Reached skill level 1 in Short Blades
 16390 | Lair:3   | Noticed a four-headed hydra
 16406 | Lair:3   | Killed a four-headed hydra
 17228 | Lair:4   | Noticed Josephine
 17240 | Lair:4   | Killed Josephine
 17240 | Lair:4   | Gained mutation: You regenerate magic rapidly. [demonic
                  | ancestry]
 17240 | Lair:4   | Reached XP level 13. HP: 30/100 MP: 3/22
 17945 | Lair:5   | Reached ****** piety under Lugonu
 18739 | Lair:6   | Entered Level 6 of the Lair of Beasts
 19063 | Lair:6   | Found a staircase to the Slime Pits.
 19895 | Lair:6   | Noticed a dire elephant
 19895 | Lair:6   | Noticed a dire elephant
 19930 | Lair:6   | Killed a dire elephant
 19938 | Lair:6   | Noticed a dire elephant
 20115 | Lair:6   | Noticed a dire elephant
 20146 | Lair:6   | Killed a dire elephant
 20146 | Lair:6   | Reached skill level 10 in Fighting
 20209 | Lair:6   | Killed a dire elephant
 20341 | Lair:6   | Killed a dire elephant
 20449 | Lair:6   | Noticed a dire elephant
 20471 | Lair:6   | Killed a dire elephant
 20648 | Lair:6   | Reached XP level 14. HP: 113/113 MP: 23/23
 21245 | D:12     | Reached skill level 11 in Long Blades
 21382 | D:12     | Found a blossoming altar of Fedhas.
 21467 | D:12     | Identified 2 scrolls of acquirement
 21467 | D:12     | Acquired 600 gold pieces
 21482 | D:12     | Acquired the amulet "Linonopn" {rElec Regen+}
 21588 | D:12     | Found Momew's Weapon Shop.
 21817 | D:12     | Noticed Oghaenk's ghost (journeyman GrBe)
 21835 | D:12     | Found a one-way gate to the infinite horrors of the Abyss.
 21843 | D:12     | Identified the +7 long sword "Puilia" {distort, +Blink rC++
                  | Str+3 Int-2}
 21853 | D:12     | Found a transporter.
 21862 | D:12     | Found a transporter.
 21889 | D:12     | Found a staircase to the Orcish Mines.
 22039 | Orc:1    | Entered Level 1 of the Orcish Mines
 22128 | Orc:1    | Gained mutation: You evolve. [a neqoxec]
 22946 | Orc:2    | Entered Level 2 of the Orcish Mines
 22949 | Orc:2    | Noticed Sonja
 22955 | Orc:2    | Reached skill level 1 in Throwing
 22955 | Orc:2    | Noticed Donald
 22958 | Orc:2    | Reached skill level 12 in Long Blades
 22975 | Orc:1    | Killed Donald
 23106 | Orc:2    | Killed Sonja
 23175 | Orc:2    | Found Qinorur's General Store.
 23181 | Orc:2    | Found a staircase to the Elven Halls.
 23327 | Orc:2    | Bought a +2 buckler of reflection for 296 gold pieces
 23371 | Orc:2    | Noticed a stone giant
 23392 | Orc:2    | Killed a stone giant
 23392 | Orc:2    | Reached skill level 5 in Throwing
 23531 | D:11     | Gained mutation: Your natural rate of healing is unusually
                  | fast. [evolution]
 24041 | Orc:2    | Gained mutation: You are clumsy. (Dex -2) [a neqoxec]
 24065 | Orc:1    | Noticed Fannar
 24091 | Orc:1    | Killed Fannar
 24145 | Orc:1    | Found Pony's Practical Paraphernalia.
 24303 | Orc:1    | Found a roughly hewn altar of Beogh.
 24498 | Orc:2    | Paralysed by an orc sorcerer for 5 turns
 24569 | Orc:2    | Found Raoto's Distillery.
 24569 | Orc:2    | Found Poegafou's Distillery.
 24571 | Orc:2    | Found Sofi's Gadget Shop.
 24571 | Orc:2    | Found Iwydeddi's Magic Scroll Shoppe.
 24580 | Orc:2    | Bought a scroll of acquirement for 832 gold pieces
 24586 | Orc:2    | Acquired 710 gold pieces
 24724 | Shoals:1 | Entered Level 1 of the Shoals
 24744 | Shoals:1 | Learned a level 2 spell: Swiftness
 24772 | Lair:2   | Learned a level 3 spell: Mephitic Cloud
 24779 | Lair:2   | Learned a level 6 spell: Freezing Cloud
 25091 | Shoals:1 | Reached skill level 1 in Conjurations
 25091 | Shoals:1 | Reached skill level 1 in Ice Magic
 25091 | Shoals:1 | Reached skill level 1 in Poison Magic
 25091 | Shoals:1 | Reached XP level 15. HP: 79/118 MP: 16/24
 25148 | Shoals:1 | Reached skill level 1 in Air Magic
 25697 | Shoals:2 | Reached skill level 10 in Throwing
 25865 | Shoals:2 | Found a runed translucent gate.
 25866 | Shoals:2 | Found a runed translucent gate.
 25867 | Shoals:2 | Found a runed translucent gate.
 25894 | Shoals:2 | Found an opulent altar of Gozag.
 26172 | Shoals:2 | Noticed a kraken
 26318 | Shoals:2 | Killed a kraken
 26577 | Shoals:2 | Noticed Imazafih's ghost (adept GrEE)
 26776 | Shoals:3 | Gained mutation: Your mind is acute. (Int +2) [evolution]
 26821 | Shoals:3 | Reached skill level 13 in Long Blades
 26965 | Shoals:3 | HP: 5/118 [centaur/arrow (3)]
 27860 | Shoals:4 | Entered Level 4 of the Shoals
 27898 | Shoals:4 | Noticed a frost giant
 28031 | Shoals:4 | Found Keom's Book Shoppe.
 28202 | Shoals:4 | Got a barnacled rune of Zot
 28222 | Shoals:4 | Gained mutation: Your flesh is heat resistant. (rF+)
                  | [evolution]
 28243 | Shoals:4 | Gained mutation: You are mostly covered in rugged brown
                  | scales. (AC +2, +5% HP) [demonic ancestry]
 28243 | Shoals:4 | Reached XP level 16. HP: 118/128 MP: 25/25
 28761 | Shoals:4 | Reached skill level 5 in Conjurations
 28767 | Shoals:4 | Reached skill level 5 in Poison Magic
 28908 | Shoals:4 | Got a transparent ruby amulet
 28909 | Shoals:4 | Identified the amulet of Vapy {Faith rPois} (You found it
                  | on level 4 of the Shoals)
 29329 | Snake:1  | Entered Level 1 of the Snake Pit
 29362 | Snake:1  | Identified the Volume of Cloudy Attacks
 29502 | D:12     | Reached skill level 5 in Air Magic
 29504 | D:12     | Reached skill level 5 in Ice Magic
 29513 | D:12     | Killed Oghaenk's ghost
 29631 | D:12     | Got a heavily runed kite shield
 29636 | D:12     | Identified the cursed -6 kite shield "Bimos" {rPois rC+
                  | Str+2} (You found it on level 12 of the Dungeon)
 30575 | Snake:2  | Learned a level 2 spell: Blink
 30618 | Snake:2  | Reached skill level 1 in Shields
 31090 | Snake:2  | Found Ixuliat's Weapon Shop.
 31428 | Snake:2  | Learned a level 6 spell: Statue Form
 31723 | Snake:3  | Reached skill level 1 in Transmutations
 31736 | Snake:3  | Found an ancient bone altar of Kikubaaqudgha.
 31755 | Snake:3  | Reached skill level 1 in Earth Magic
 31972 | Snake:3  | Reached XP level 17. HP: 125/134 MP: 24/26
 32296 | Snake:3  | Reached skill level 5 in Transmutations
 32431 | Snake:3  | Noticed Aizul
 32444 | Snake:3  | Killed Aizul
 32797 | Snake:4  | Entered Level 4 of the Snake Pit
 32843 | Snake:4  | Reached skill level 5 in Earth Magic
 32858 | Snake:4  | Noticed Vashnia
 33417 | Snake:4  | Noticed Nikola
 33436 | Snake:4  | Killed Nikola
 34308 | Snake:4  | Killed Vashnia
 34650 | Snake:4  | Noticed Bai Suzhen
 34691 | Snake:4  | Killed Bai Suzhen
 34691 | Snake:4  | Gained mutation: You have claws for feet. [demonic
                  | ancestry]
 34691 | Snake:4  | Reached XP level 18. HP: 46/141 MP: 12/27
 34893 | Snake:4  | Got a serpentine rune of Zot
 35316 | D:13     | Noticed Kirke
 35329 | D:13     | Killed Kirke
 35392 | D:13     | Noticed Frances
 35408 | D:13     | Killed Frances
 35459 | D:13     | Found a frozen archway.
 35466 | D:13     | Found a gate leading to a gauntlet.
 35475 | Gauntlet | Entered a Gauntlet
 35475 | Gauntlet | Found a transporter.
 35496 | Gauntlet | Found a runed translucent gate.
 35497 | Gauntlet | Found a transporter.
 35497 | Gauntlet | Found a runed translucent gate.
 35502 | Gauntlet | Found a runed translucent gate.
 35509 | Gauntlet | Found a transporter.
 35513 | Gauntlet | Found a transporter.
 35525 | Gauntlet | Found a transporter.
 35545 | Gauntlet | Found a transporter.
 35560 | Gauntlet | Found a transporter.
 35564 | Gauntlet | Found a transporter.
 35568 | Gauntlet | Found a transporter.
 35568 | Gauntlet | Found a transporter.
 35573 | Gauntlet | Found a transporter.
 35676 | Gauntlet | Got a clouded ruby amulet
 35709 | Gauntlet | Identified the amulet "Qifrehoc" {Regen+ Str+2 Dex-2
                  | Stlth+} (You found it in a Gauntlet)
 35728 | Gauntlet | Got a pitted leather armour
 35738 | Gauntlet | Identified the cursed +1 leather armour of Bomnuf {rPois
                  | Int+4 Dex+3} (You found it in a Gauntlet)
 35790 | IceCv    | Entered an ice cave
 35812 | IceCv    | Acquired 860 gold pieces
 35835 | IceCv    | Gained mutation: You are completely covered in rugged brown
                  | scales. (AC +3, +7% HP) [evolution]
 35862 | IceCv    | Found a transporter.
 35880 | IceCv    | Found a transporter.
 35912 | IceCv    | Got warped ice dragon scales
 35922 | IceCv    | Identified the cursed +1 ice dragon scales of Gallantry
                  | {rF- rC++ Str+4} (You found it in an ice cave)
 36447 | D:13     | Found a gate to the Vaults.
 36644 | D:14     | Noticed Snorg
 36653 | D:14     | Killed Snorg
 37633 | D:15     | Entered Level 15 of the Dungeon
 37733 | D:15     | Noticed Jorgrun
 37754 | D:15     | Killed Jorgrun
 37943 | D:15     | Noticed Azrael
 37966 | D:15     | Killed Azrael
 38557 | D:15     | Found a staircase to the Depths.
 39147 | Depths:1 | Entered Level 1 of the Depths
 39782 | Vaults:1 | Entered Level 1 of the Vaults
 40131 | Vaults:1 | Mutation became permanent: You are mostly covered in rugged
                  | brown scales. (AC +2, +5% HP) [demonic ancestry]
 40131 | Vaults:1 | Gained mutation: You are completely covered in rugged brown
                  | scales. (AC +3, +7% HP) [demonic ancestry]
 40131 | Vaults:1 | Reached XP level 19. HP: 116/149 MP: 23/28
 40226 | Vaults:1 | HP: 7/149 [yaktaur/bolt[a yaktaur captain] (6)]
 40227 | Vaults:1 | Shot with a bolt by a yaktaur

Illustrated notes

Levels and vault maps discovered:
D:1:      beargit_arrival_greenhouse, layout_basic, ashenzari_altar_1
D:2:      layout_basic
D:3:      layout_rooms, lemuel_round_altar, chequers_ecumenical_altar_island,
          cheibrodos_sewer_entry_sluice, first_ration
D:4:      layout_cave_pools, okawaru_gym_becter, minmay_lizard_king
D:5:      layout_basic, uniq_duvessa, uniq_blork_the_orc, uniq_pikel
D:6:      layout_basic, nicolae_overflow_hidden_temple,
          gammafunk_temple_overflow_claw, minmay_temple_entry_antechambers,
          serial_shops, shop, shop, ebering_ghost_disaster_area
D:7:      layout_layer_cave
D:8:      layout_rooms, nicolae_gozag_seed_capital, uniq_joseph
D:9:      layout_basic, grunt_qazlal_clouds,
          nicolae_dithmenos_through_a_glass_darkly, nicolae_wwwww,
          hangedman_abyss_or_decor_stagger
D:10:     layout_long_grid, serial_co_window_serial, co_window_paths_a,
          co_window_corner_a, co_window_corner_a, co_window_paths_a,
          co_window_paths_a, co_window_of_opportunity_b, co_window_corner_ca,
          co_window_broadway_b, co_window_of_opportunity_c,
          co_window_unsneaky_path_c, co_window_unsneaky_path_a,
          co_window_paths_d, glass_columns_c, glass_columns_b, glass_columns_b,
          glass_columns_a, serial_shops, kennysheep_mini,
          minmay_guarded_unrand_vampires_tooth
D:11:     layout_rooms, david_lair_generic, serial_shops,
          nicolae_shop_window_shopping, enter_trove_6
D:12:     layout_rooms, hiddenorc1_lemuel, serial_shops, nicolae_shop_trees,
          basic_altar, gammafunk_ghost_abyssal_escape
D:13:     layout_long_grid, ximxim_vaults_locker_room,
          portal_ice_cave_entry_pillars_1, gauntlet_entry_generic, uniq_frances,
          uniq_kirke
D:14:     layout_stronghold, kennysheep_cross_room, uniq_snorg
D:15:     grunt_enter_depths_snipers, layout_layer_cave,
          ebering_dispersal_statue_hall, uniq_jorgrun, uniq_azrael
Lair:1:   layout_cave_pods, gammafunk_ghost_grave, minmay_stone_trees_medium,
          kennysheep_abandoned_house, serial_bayou_shore_a
Lair:2:   gammafunk_cloud_chamber, layout_cave_pods, minmay_shoals_entry_beasts,
          dummy_snake_entry, grunt_megastairs_4
Lair:3:   layout_cave_pods
Lair:4:   layout_long_grid, special_room [special_room_mythical_zoo],
          uniq_josephine
Lair:5:   layout_gridlike, minivault_27, kennysheep_rathole
Lair:6:   due_jungle_book, layout_long_grid, minmay_slime_entry_oklob_open,
          columned_hall_lemuel, nicolae_quartered_pool_medium, lemuel_fruit_tree
Shoals:1: cheibrodos_shoals_roost, layout_shoals
Shoals:2: layout_shoals, ebering_ghost_gozag
Shoals:3: layout_shoals
Shoals:4: shoals_end_grunt_ice, layout_shoals, serial_shops,
          nicolae_shop_crystal, abandoned_shop
Snake:1:  layout_cave_shapes, grunt_megastairs_3
Snake:2:  layout_chambers, serial_shops, shop
Snake:3:  layout_cave_pods, basic_altar, nicolae_large_snake_swirl, uniq_aizul
Snake:4:  snake_pit, layout_gridlike, uniq_vashnia, uniq_nikola, uniq_bai_suzhen
Orc:1:    layout_diamond_mine, nicolae_alphabet_shops, kennysheep_orc_chapel,
          uniq_fannar
Orc:2:    grunt_orc_tribal_feast, layout_caves, serial_shops, shop_statue,
          uniq_donald, uniq_sonja
Vaults:1: v_misc_1, ontoclasm_vaults_idyll, vaults_room_large_hall,
          vaults_dpeg_diagonal, hangedman_vaults_capsules,
          hangedman_vaults_maws, v_misc_12, vaults_mumra_minichess_inversion,
          v_pattern_1, vaults_room_stairs_pillars,
          nicolae_vaults_little_squares_6, layout_vaults_omnicross
Depths:1: layout_basic, serial_bayou_ford_a, hell_entry,
          serial_sigils_hangedman_leer, kennysheep_pointless_box,
          hangedman_blasphemy

Skill      XL: |  1  2  3  4  5  6  7  8  9 10 11 12 13 14 15 16 17 18 |
---------------+-------------------------------------------------------+-----
Long Blades    | 2 3 4 5 6 7 8 10 12 13 | 13.7
Invocations    | 4 10 | 10.1
Armour         | 2 5 6 7 9 |  9.2
Dodging        | 2 5 6 9 |  9.0
Fighting       | 4 6 7 8 10 | 10.2
Spellcasting   | 4 6 |  6.0
Charms         | 4 6 |  6.0
Translocations | 4 6 |  6.0
Short Blades   | 4 |  4.2
Throwing       | 9 11 12 | 12.0
Conjurations   | 1 4 6 7 9 |  9.8
Ice Magic      | 1 4 6 7 9 |  9.3
Poison Magic   | 1 4 6 |  6.0
Air Magic      | 4 6 7 9 |  9.2
Shields        | 4 |  4.0
Transmutations | 3 7 9 |  9.2
Earth Magic    | 2 7 9 |  9.3

Action                   |  1- 3 |  4- 6 |  7- 9 | 10-12 | 13-15 | 16-18 | 19-21 || total
-------------------------+-------+-------+-------+-------+-------+-------+-------++-------
Melee: Falchion          |    99 |   127 |   178 |       |       |       |       ||   404
       Kick              |    21 |    28 |    99 |   307 |   510 |   561 |     4 ||  1530
       Dagger            |       |       |   146 |   135 |       |       |       ||   281
       Scimitar          |       |       |     2 |    10 |       |       |       ||    12
       Quick blade       |       |       |       |   435 |   442 |    14 |       ||   891
       Demon blade       |       |       |       |    85 |   862 |  1443 |    13 ||  2403
       Double sword      |       |       |       |       |       |     4 |       ||     4
Throw: Boomerang         |       |       |       |       |    50 |    43 |       ||    93
 Cast: Song of Slaying   |       |       |       |       |       |     2 |       ||     2
       Shroud of Golubri |       |       |       |       |       |     1 |       ||     1
Invok: Depart the Abyss  |     1 |       |       |       |       |       |       ||     1
       Banish            |       |       |       |     2 |     7 |     5 |       ||    14
  Use: Scroll            |       |       |     6 |    12 |    24 |    20 |     2 ||    64
       Potion            |       |       |     5 |     5 |    10 |     6 |       ||    26
 Stab: Distracted        |       |       |       |       |     1 |       |       ||     1
  Eat: Ration            |     1 |     1 |     6 |     6 |    10 |    10 |       ||    34
Armor: Scale mail        |    54 |    63 |   101 |   250 |   432 |   265 |       ||  1165
       Ice dragon scales |       |       |       |       |       |   138 |     4 ||   142
       Storm dragon scal |       |       |       |       |       |   105 |       ||   105
Dodge: Dodged            |    38 |    59 |    94 |   257 |   678 |   602 |    11 ||  1739
Block: Buckler           |       |       |       |       |       |   355 |     1 ||   356
       Reflection        |       |       |       |       |       |    64 |       ||    64
       Rpst.: Falchion   |     9 |    18 |    17 |       |       |       |       ||    44
       Scimitar          |       |       |     1 |     2 |       |       |       ||     3
       Demon blade       |       |       |       |    22 |   105 |   115 |     1 ||   243
       Double sword      |       |       |       |       |       |     1 |       ||     1

Table legend:
 A = Non-vault XP
 B = Vault XP
 C = Vault XP percentage of total XP
 D = Non-vault monster count
 E = Vault monster count
 F = Vault count percentage of total count
                 A         B        C        D         E       F
            +---------+---------+-------+---------+---------+-------
      Total |  235761 |  143532 |  37.8 |     823 |     318 |  27.9
            +---------+---------+-------+---------+---------+-------
        D:1 |      43 |       0 |   0.0 |      24 |       0 |   0.0
        D:2 |     247 |       0 |   0.0 |      25 |       0 |   0.0
        D:3 |      84 |       5 |   5.6 |      31 |       3 |   8.8
        D:4 |     624 |      47 |   7.0 |      25 |       5 |  16.7
        D:5 |     688 |     923 |  57.3 |      14 |       4 |  22.2
        D:6 |     384 |       0 |   0.0 |       9 |       0 |   0.0
        D:7 |    1371 |       0 |   0.0 |      25 |       0 |   0.0
        D:8 |    1523 |     430 |  22.0 |      29 |       1 |   3.3
        D:9 |     709 |       0 |   0.0 |       8 |       0 |   0.0
       D:10 |    1718 |    1698 |  49.7 |      16 |       8 |  33.3
       D:11 |    2733 |    1041 |  27.6 |      18 |       4 |  18.2
       D:12 |    5735 |    5084 |  47.0 |      35 |      25 |  41.7
       D:13 |    7352 |   11197 |  60.4 |      29 |      17 |  37.0
       D:14 |    8135 |    1106 |  12.0 |      35 |       1 |   2.8
       D:15 |   14391 |    7728 |  34.9 |      29 |      13 |  31.0
     Lair:1 |    2390 |     343 |  12.6 |      14 |      13 |  48.1
     Lair:2 |    6522 |    3387 |  34.2 |      28 |      10 |  26.3
     Lair:3 |    5121 |       0 |   0.0 |      15 |       0 |   0.0
     Lair:4 |    4990 |    6867 |  57.9 |      18 |      23 |  56.1
     Lair:5 |    6530 |     212 |   3.1 |      21 |      14 |  40.0
     Lair:6 |   12258 |    5191 |  29.7 |      32 |       9 |  22.0
   Shoals:1 |   11029 |    1553 |  12.3 |      18 |       3 |  14.3
   Shoals:2 |   11450 |       0 |   0.0 |      20 |       0 |   0.0
   Shoals:3 |   23777 |       0 |   0.0 |      52 |       0 |   0.0
   Shoals:4 |   12888 |   17485 |  57.6 |      27 |      30 |  52.6
    Snake:1 |    8482 |    3866 |  31.3 |      16 |       7 |  30.4
    Snake:2 |   15392 |       0 |   0.0 |      26 |       0 |   0.0
    Snake:3 |   20426 |    1603 |   7.3 |      36 |       1 |   2.7
    Snake:4 |   17443 |   49413 |  73.9 |      33 |      53 |  61.6
      Orc:1 |    6748 |    4027 |  37.4 |      53 |       8 |  13.1
      Orc:2 |    3436 |    8402 |  71.0 |      29 |      31 |  51.7
   Vaults:1 |    7662 |    3959 |  34.1 |      16 |       7 |  30.4
   Depths:1 |   13480 |       0 |   0.0 |      17 |       0 |   0.0
      Sewer |       0 |     134 | 100.0 |       0 |      11 | 100.0
      IceCv |       0 |    2634 | 100.0 |       0 |      10 | 100.0
   Gauntlet |       0 |    5197 | 100.0 |       0 |       7 | 100.0
            +---------+---------+-------+---------+---------+-------
